 Dungeon Crawl Stone Soup version 0.29.1-15-g9cfb28693d (webtiles) character file.

Game seed: 12507606737176422537

64155 McKennaii the Thaumaturge (level 14, -4/99 HPs)
             Began as a Demigod Earth Elementalist on Feb 28, 2023.
             Killed from afar by a deep elf zephyrmancer (27 damage)
             ... with a bolt of lightning
             ... on level 11 of the Dungeon.
             The game lasted 00:45:38 (30225 turns).

McKennaii the Thaumaturge (DgEE)                   Turns: 30225, Time: 00:45:39

Health: -4/99      AC: 30    Str: 14    XL:     14   Next: 32%
Magic:  10/37      EV:  7    Int: 33    God:
Gold:   1649       SH:  5    Dex: 29    Spells: 27/40 levels left

rFire   . . .      SeeInvis .   z - +8 demon blade "Leech" {vamp, Harm Drain rN+}
rCold   . . .      Faith    .   (no shield)
rNeg    + . .      Spirit   .   W - +9 chain mail of Roej {rPois Dex+10 Stlth-}
rPois   +          Reflect  +   q - +1 helmet of Mexezet {Harm Str+5 Dex+2}
rElec   .          Harm     +   P - +2 cloak
rCorr   .          Rampage  .   C - +1 pair of gloves {Dex+3}
Will    +....                   J - +0 pair of boots
Stlth   ..........              i - amulet of reflection
HPRegen 0.26/turn               w - +4 ring of protection
MPRegen 0.25/turn               d - ring of wizardry

@: studying Ranged Weapons
A: high MP 1, forlorn, divine attributes
a: no special abilities


You were on level 11 of the Dungeon.
You visited 3 branches of the dungeon, and saw 18 of its levels.
You also visited: Ossuary.

You collected 1969 gold pieces.
You spent 320 gold pieces at shops.

Inventory:

Hand Weapons
 x - the +5 dagger of Xoitomn {flame, rPois rCorr}
   (You found it on level 4 of the Dungeon)

   It burns those it strikes, dealing additional fire damage.
   rPois:     It protects you from poison.
   rCorr:     It protects you from acid and corrosion.
 z - the +8 demon blade "Leech" (weapon) {vamp, Harm Drain rN+}
   (You took it off a deep elf pyromancer on level 2 of the Orcish Mines)

   It heals its wielder for a portion of the damage dealt every time it strikes
   a living foe.
   rN:        It protects you from negative energy.
   Drain:     It drains your maximum health when unequipped.
   Harm:      It increases damage dealt and taken.
Missiles
 I - 2 throwing nets
Armour
 q - the +1 helmet of Mexezet (worn) {Harm Str+5 Dex+2}
   (You acquired it on level 1 of the Lair of Beasts)

   Str:       It affects your strength (+5).
   Dex:       It affects your dexterity (+2).
   Harm:      It increases damage dealt and taken.
 C - a +1 pair of gloves of dexterity (worn)
 J - a +0 pair of boots (worn)
 P - a +2 cloak (worn)
 R - a +2 robe of willpower
 W - the +9 chain mail of Roej (worn) {rPois Dex+10 Stlth-}
   (You took it off an orc high priest on level 2 of the Orcish Mines)

   Dex:       It affects your dexterity (+10).
   rPois:     It protects you from poison.
   Stlth:     It makes you less stealthy.
Jewellery
 a - a ring of flight
 d - a ring of wizardry (right hand)
 i - an amulet of reflection (around neck)
 w - a +4 ring of protection (left hand)
 y - a ring of positive energy
 Q - a +6 ring of dexterity
 S - a +6 ring of strength
 U - a ring of protection from cold
 Y - a ring of protection from cold
Wands
 g - a wand of quicksilver (7)
 D - a wand of iceblast (13)
 E - a wand of digging (10)
 K - a wand of mindburst (2)
 L - a wand of charming (3)
 N - a wand of flame (8)
Scrolls
 c - 2 scrolls of fear
 e - 5 scrolls of amnesia
 f - 5 scrolls of enchant armour
 h - a scroll of brand weapon
 j - 3 scrolls of torment
 k - 3 scrolls of silence
 n - 2 scrolls of teleportation
 o - 3 scrolls of magic mapping
 F - a scroll of fog
 G - 5 scrolls of identify
 H - 2 scrolls of vulnerability
 M - 2 scrolls of immolation
 T - 3 scrolls of enchant weapon
 X - a scroll of blinking
Potions
 b - 3 potions of magic
 l - 3 potions of resistance
 m - 4 potions of might
 p - 7 potions of curing
 r - 3 potions of lignification
 s - 3 potions of attraction
 t - a potion of cancellation
 u - 4 potions of flight
 v - 3 potions of mutation
 A - 3 potions of heal wounds
 B - 2 potions of haste
 O - 3 potions of berserk rage
 V - a potion of brilliance


   Skills:
 + Level 2.1 Fighting
 + Level 1.1 Long Blades
 + Level 2.3 Armour
 - Level 1.7 Dodging
 - Level 1.7 Stealth
 + Level 13.9 Spellcasting
 - Level 10.0 Conjurations
 - Level 0.8 Transmutations
 + Level 13.0 Air Magic
 - Level 10.0 Earth Magic


You had 27 spell levels left.
You knew the following spells:

 Your Spells              Type           Power      Damage    Failure   Level
a - Sandblast             Erth           100%       2d20      1%          1
b - Stone Arrow           Conj/Erth      100%       3d13      1%          3
c - Airstrike             Air            41%        2d(6-22)  1%          4
d - Lightning Bolt        Conj/Air       39%        1d57      4%          5

Your spell library contained the following spells:

 Spells                   Type           Power      Damage    Failure   Level
 Poisonous Vapours        Pois/Air       100%       N/A       1%          2
 Static Discharge         Conj/Air       78%        3-13/arc  1%          2
 Passwall                 Tmut/Erth      46%        N/A       3%          2
 Dazzling Flash           Conj/Hex       100%       N/A       8%          3
 Summon Lightning Spire   Summ/Air       60%        N/A       13%         4
 Sting                    Tmut/Pois      100%       1d8       16%         1
 Apportation              Tloc           44%        N/A       21%         1
 Necrotise                Necr           88%        1d8       21%         1
 Summon Small Mammal      Summ           88%        N/A       21%         1
 Petrify                  Tmut/Erth      56%        N/A       21%         4
 Iskenderun's Mystic Bla  Conj/Tloc      54%        2d12      26%         4
 Sticky Flame             Conj/Fire      54%        2d7       26%         4
 Blink                    Tloc           44%        N/A       28%         2
 Ensorcelled Hibernation  Hex/Ice        44%        N/A       28%         2
 Spider Form              Tmut/Pois      25%        N/A       43%         3
 Confusing Touch          Hex            22%        N/A       50%         3
 Lesser Beckoning         Tloc           22%        N/A       50%         3
 Borgnjor's Vile Clutch   Necr/Erth      27%        N/A       54%         5
 Anguish                  Hex/Necr       11%        N/A       86%         4
 Dispel Undead            Necr           22%        3d12      86%         4
 Olgreb's Toxic Radiance  Pois           22%        N/A       86%         4
 Alistair's Intoxication  Tmut/Pois      16%        N/A       98%         5
 Yara's Violent Unravell  Hex/Tmut       12%        3d7       98%         5
 Starburst                Conj/Fire      27%        6d9       98%         6
 Manifold Assault         Tloc           22%        N/A       99%         5
 Eringya's Noxious Bog    Tmut/Pois      12%        N/A       100%        6
 Enfeeble                 Hex            11%        N/A       100%        7
 Storm Form               Tmut/Air       31%        N/A       100%        7


Dungeon Overview and Level Annotations

Branches:
Dungeon (11/15)            Temple (0/1) D:4            Lair (5/5) D:9
  Swamp (0/4) Lair:2       Spider (0/4) Lair:2        Slime (0/5) Lair:4
    Orc (2/2) D:9             Elf (0/3) Orc:2       Ossuary (visited)

Shops:
D:5 !   Orc:2 ([=*


Innate Abilities, Weirdness & Mutations

You have an increased reservoir of magic. (+10% MP)
You shall have no god before yourself.
Your divine heritage dramatically boosts your attributes as you level up.


Message History

You are covered in liquid flames!
The deep elf pyromancer hits you but does no damage.
The deep elf zephyrmancer gestures at you while chanting.
The bolt of lightning hits you!!
The deep elf zephyrmancer casts a spell at you.
The bolt of lightning hits you!
The deep elf pyromancer barely misses you.
The deep elf zephyrmancer gestures wildly while chanting.
The deep elf zephyrmancer blinks!
You slice the deep elf pyromancer!!
You feel better.
The deep elf pyromancer is heavily wounded.
The deep elf zephyrmancer gestures wildly while chanting.
The deep elf zephyrmancer blinks!
The deep elf zephyrmancer barely misses you.
The deep elf pyromancer mumbles some strange words.
The deep elf pyromancer hits you with a +0 rapier.
You hit the deep elf pyromancer.
You feel better.
The deep elf pyromancer is severely wounded.
The deep elf zephyrmancer casts a spell at you.
The bolt of lightning hits you!!
* * * LOW HITPOINT WARNING * * *
The deep elf zephyrmancer hits you but does no damage.
The deep elf pyromancer hits you but does no damage.
Okay, then.
You hit the deep elf pyromancer.
You feel better.
The deep elf pyromancer is almost dead.
The deep elf pyromancer gestures wildly while chanting.
The deep elf pyromancer blinks!
The orc priest miscasts a cantrip.
The orc hits you but does no damage.
The deep elf zephyrmancer points at you and mumbles some strange words.
The bolt of lightning hits you!
* * * LOW HITPOINT WARNING * * *
The deep elf pyromancer hits you but does no damage.
You slash the deep elf pyromancer!
You feel better.
You kill the deep elf pyromancer!
The orc barely misses you.
The deep elf zephyrmancer points at you and mumbles some strange words.
The bolt of lightning misses the orc.
The bolt of lightning hits you!!
You die...

###'##### #)### ####+###
## #...# #......###..
###.# #.....#...#
#####'### #...e.....
........# #.......#
........#####......e#
........##..')..o..#.
........#..##...@o.#
........'.#######e#e§...
........### .# ....
###+##### ## .


You could see a deep elf pyromancer, 3 deep elf zephyrmancers, an orc priest and
an orc.

Vanquished Creatures
  3 orc warlords
  An ettin (Orc:1)
  5 hydras
  A boulder beetle (Lair:4)
  A two-headed ogre (D:10)
  4 death yaks (Lair:4)
  An orc high priest (Orc:2)
  A deep elf knight (Orc:2)
  A bog body (Lair:2)
  2 deep elf pyromancers
  6 deep elf zephyrmancers
  An oklob plant (Lair:4)
  2 wolf spiders (Lair:3)
  5 orc sorcerers
  2 cyclopes
  8 elephants
  Maurice (D:9)
  8 black mambas
  Joseph (D:8)
  15 cane toads
  A rime drake (Lair:4)
  Maggie (D:7)
  2 kobold demonologists (D:11)
  8 komodo dragons
  5 trolls
  5 polar bears
  A meliai (Lair:2)
  14 blink frogs
  7 hornets
  2 slime creatures (Lair:4)
  9 dream sheep
  Sigmund (D:3)
  2 shadows
  11 spriggans
  7 wyverns
  32 yaks
  4 basilisks
  A steam dragon (D:9)
  6 vampire mosquitoes
  4 wargs
  2 acid dragons (D:9)
  13 water moccasins
  2 ice beasts
  36 orc warriors
  A sky beast (D:7)
  7 ogres
  9 black bears
  5 boggarts (Lair:5)
  23 wolves
  3 centaurs
  A phantom (D:6)
  5 kobold brigands
  A gnoll sergeant (D:9)
  2 necrophages
  9 bullfrogs
  A scorpion (D:5)
  A water moccasin zombie (Ossuary)
  12 wights
  18 killer bees
  3 vampire bats (D:6)
  3 howler monkeys (D:10)
  An electric eel (D:9)
  A crimson imp (D:5)
  2 centaur zombies (Ossuary)
  2 bullfrog zombies (Ossuary)
  27 orc priests
  3 hounds
  Crazy Yiuf (D:2)
  2 gnoll boudas
  A human zombie (Ossuary)
  3 jellies
  4 iguanas
  A scorpion zombie (Ossuary)
  33 orc wizards
  2 ogre zombies (Ossuary)
  13 adders
  9 gnolls
  4 white imps
  An ufetubus (D:5)
  3 adder zombies (Ossuary)
  2 worms
  3 dart slugs
  100 orcs
  8 ball pythons
  4 bat skeletons (D:6)
  2 bat zombies (D:6)
  7 endoplasms
  3 gnoll zombies (Ossuary)
  3 goblins
  7 hobgoblins
  2 quokkas
  11 bats
  3 frilled lizards
  2 goblin zombies (Ossuary)
  3 hobgoblin zombies (Ossuary)
  23 kobolds
  3 orc zombies (Ossuary)
  6 rats
  A spectral hobgoblin (D:10)
655 creatures vanquished.

Vanquished Creatures (others)
  18 bushes
  66 fungi
  229 plants
313 creatures vanquished.

Grand Total: 968 creatures vanquished

Notes
Turn   | Place    | Note
-------+----------+-------------------------------------------
     0 | D:1      | McKennaii the Demigod Earth Elementalist began the quest
                  | for the Orb.
     0 | D:1      | Reached XP level 1. HP: 14/14 MP: 5/5
   262 | D:1      | Reached XP level 2. HP: 20/20 MP: 5/7
   950 | D:1      | Reached XP level 3. HP: 24/26 MP: 5/9
  1970 | D:2      | Reached XP level 4. HP: 33/33 MP: 5/11
  2075 | D:2      | Found a runed translucent door.
  2076 | D:2      | Noticed Crazy Yiuf
  2276 | D:2      | Learned a level 3 spell: Stone Arrow
  2540 | D:2      | Killed Crazy Yiuf
  2757 | D:3      | Reached skill level 1 in Conjurations
  2846 | D:3      | Noticed Sigmund
  2851 | D:3      | Killed Sigmund
  2852 | D:3      | Reached XP level 5. HP: 27/38 MP: 2/13
  3117 | D:3      | Reached XP level 6. HP: 45/45 MP: 11/14
  3680 | D:4      | Found a staircase to the Ecumenical Temple.
  3895 | D:4      | Found a sand-covered staircase.
  3951 | Ossuary  | Entered an ossuary
  3976 | Ossuary  | Reached skill level 5 in Earth Magic
  4158 | Ossuary  | Reached XP level 7. HP: 42/50 MP: 11/16
  4468 | Ossuary  | Noticed a silent spectre
  4630 | D:4      | Identified the +5 dagger of Xoitomn {flame, rPois rCorr}
  5130 | D:5      | Entered Level 5 of the Dungeon
  5332 | D:5      | Found Qucvurof's Distillery.
  5352 | D:5      | Bought a potion of curing for 36 gold pieces
  5352 | D:5      | Bought a potion of heal wounds for 60 gold pieces
  5352 | D:5      | Bought a potion of haste for 120 gold pieces
  5380 | D:5      | Reached skill level 5 in Spellcasting
  5678 | D:5      | Reached XP level 8. HP: 57/57 MP: 14/19
  6230 | D:6      | Reached skill level 5 in Conjurations
  7172 | D:7      | Reached XP level 9. HP: 38/62 MP: 14/22
  7846 | D:7      | Noticed Maggie
  7852 | D:7      | Killed Maggie
  8095 | D:7      | Learned a level 4 spell: Airstrike
  8101 | D:7      | Learned a level 5 spell: Lightning Bolt
  8403 | D:7      | Reached skill level 1 in Air Magic
  8786 | D:8      | Noticed Joseph
  8794 | D:8      | Killed Joseph
  9510 | D:9      | Reached XP level 10. HP: 51/69 MP: 17/25
  9838 | D:9      | Noticed Maurice
 10259 | D:9      | Killed Maurice
 10538 | D:9      | Found a staircase to the Orcish Mines.
 11123 | D:9      | Found a staircase to the Lair.
 11455 | Lair:1   | Entered Level 1 of the Lair of Beasts
 11677 | Lair:1   | Noticed a black mamba
 11689 | Lair:1   | Reached XP level 11. HP: 59/74 MP: 24/27
 11698 | Lair:1   | Reached skill level 5 in Air Magic
 11926 | Lair:1   | Identified a scroll of acquirement
 12292 | Lair:1   | Acquired the +1 helmet of Mexezet {Harm Str+5 Dex+2}
 12949 | Lair:2   | Found a hole to the Spider Nest.
 13124 | Lair:2   | Found a staircase to the Swamp.
 13141 | Lair:2   | Noticed a bog body
 13143 | Lair:2   | Killed a bog body
 13144 | Lair:2   | Reached skill level 10 in Earth Magic
 14413 | Lair:3   | Noticed a six-headed hydra
 14417 | Lair:3   | Killed a six-headed hydra
 14992 | Lair:3   | Reached skill level 10 in Conjurations
 15151 | Lair:3   | Reached XP level 12. HP: 65/81 MP: 13/30
 15283 | Lair:3   | Reached skill level 10 in Spellcasting
 15935 | Lair:4   | Noticed a boulder beetle
 17761 | Lair:4   | Killed a boulder beetle
 18189 | Lair:4   | Noticed a five-headed hydra
 18198 | Lair:4   | Killed a five-headed hydra
 19215 | Lair:4   | Reached skill level 10 in Air Magic
 19675 | Lair:4   | Found a staircase to the Slime Pits.
 20038 | Lair:5   | Entered Level 5 of the Lair of Beasts
 20041 | Lair:5   | Reached XP level 13. HP: 86/86 MP: 23/33
 23393 | Lair:5   | Identified the +1 scale mail of the Wilderness {Dex+4}
 23982 | Orc:1    | Entered Level 1 of the Orcish Mines
 25471 | Orc:2    | Entered Level 2 of the Orcish Mines
 25513 | Orc:2    | Noticed an orc warlord
 25529 | Orc:2    | Killed an orc warlord
 25878 | Orc:2    | Identified the +9 chain mail of Roej {rPois Dex+10 Stlth-}
 25893 | Orc:2    | Noticed an orc warlord
 25990 | Orc:2    | Found a staircase to the Elven Halls.
 26366 | Orc:2    | Found Pomuqo's General Store.
 26374 | Orc:2    | Bought a potion of heal wounds for 65 gold pieces
 26374 | Orc:2    | Bought a potion of curing for 39 gold pieces
 26921 | Orc:2    | Reached XP level 14. HP: 43/93 MP: 4/36
 27129 | Orc:2    | Noticed an orc warlord
 27399 | Orc:1    | Killed an orc warlord
 27840 | Orc:2    | Killed an orc warlord
 28182 | Orc:2    | Found Qyocwopt's Antique Weapon Boutique.
 28184 | Orc:2    | Found Xitapn's Antique Armour Shop.
 28380 | Orc:2    | Found Siwompick's Jewellery Shoppe.
 28611 | Orc:2    | Reached skill level 1 in Armour
 28737 | Orc:1    | HP: 4/94 [ettin/+0 dire flail (18)]
 28739 | Orc:1    | Reached skill level 1 in Fighting
 29167 | D:10     | Entered Level 10 of the Dungeon
 30218 | D:11     | Reached skill level 1 in Long Blades
 30225 | D:11     | Killed from afar by a deep elf zephyrmancer

Illustrated notes

Levels and vault maps discovered:
D:1:      nzn_arrival_settlement, layout_loops_ring,
          hellmonk_ecumenical_altar_zigzags, minmay_misc_feat_iff,
          dk_noncrumbling_4
D:2:      layout_rooms, uniq_crazy_yiuf_cottage
D:3:      layout_loops_cross, uniq_sigmund
D:4:      layout_basic, minmay_temple_entry_large_hall,
          nicolae_ossuary_entry_false_entrances, serial_glass, glass_columns_a,
          glass_columns_a, kennysheep_generic_room_16
D:5:      nicolae_cairo_tiling, layout_rooms, lemuel_tele_altar, serial_shops,
          shop, minmay_fire_ice_demons
D:6:      layout_cave_pools, kennysheep_orc_sif_temple,
          kennysheep_vampire_church
D:7:      layout_loops_ring, uniq_maggie
D:8:      layout_loops_ring, overflow_temple_1_default, st_stairs_7, uniq_joseph
D:9:      layout_cave_pools, minmay_lair_entry_grove, serial_bayou,
          serial_bayou_ford_a, serial_bayou_pond_d, serial_bayou_pond_a,
          serial_bayou_pond_e, serial_bayou_lagoon_a, kennysheep_small_circle,
          uniq_maurice
D:10:     layout_roguey, nicolae_hepliaklqana_monster_ancestors,
          mainiacjoe_overflow_paths
D:11:     layout_roguey, elves_outpost_lemuel
Lair:1:   layout_gridlike, chequers_serial_rivers_room_b, st_stairs_10,
          minivault_24, chequers_serial_rivers_marsh, lemuel_fruit_tree
Lair:2:   layout_gridlike, skrybe_swamp_entry_bodies,
          hellmonk_spider_entry_not_the_bees
Lair:3:   minmay_lair_venomous_thicket, layout_regular_city, st_stairs_5,
          serial_bayou_shore_a
Lair:4:   layout_cave_pods, minmay_slime_entry_pillars, serial_forest,
          infiniplex_forest_end_1, infiniplex_forest_clump_curved,
          infiniplex_forest_zigzag_2, infiniplex_forest_straight_2,
          infiniplex_forest_end_double, infiniplex_forest_lined_2,
          infiniplex_forest_clump_long, infiniplex_forest_end_2,
          infiniplex_forest_straight_2
Lair:5:   minmay_lair_end_enchanted_forest, layout_cave_pods
Orc:1:    layout_diamond_mine, basic_altar
Orc:2:    grunt_orc_community_town_hall, layout_caves,
          grunt_orc_community_big_house_1, grunt_orc_community_big_house_1,
          grunt_orc_community_house_1, grunt_orc_community_house_3,
          grunt_orc_community_house_3, grunt_orc_community_house_2,
          grunt_orc_community_house_1, grunt_orc_community_house_3,
          nicolae_orc_rockfall, elf_legates

Skill      XL: |  1  2  3  4  5  6  7  8  9 10 11 12 13 14 |
---------------+-------------------------------------------+-----
Spellcasting   | 2 3 4 5 6 7 8 9 11 13 | 13.9
Earth Magic    | 3 4 5 6 7 8 9 10 | 10.0
Conjurations   | 2 3 4 5 7 8 10 | 10.0
Air Magic      | 2 4 7 10 12 13 | 13.0
Armour         | 2 |  2.3
Fighting       | 2 |  2.1
Long Blades    | 1 |  1.1
Dodging        | |  1.7
Stealth        | |  1.7
Transmutations | |  0.8

Action                   |  1- 3 |  4- 6 |  7- 9 | 10-12 | 13-15 || total
-------------------------+-------+-------+-------+-------+-------++-------
Melee: Unarmed           |     4 |       |       |       |       ||     4
       Dagger            |       |     4 |     3 |    43 |    48 ||    98
       Demon blade       |       |       |       |       |   134 ||   134
       Punch             |       |       |       |       |     6 ||     6
 Cast: Sandblast         |    47 |    86 |   174 |    57 |     2 ||   366
       Stone Arrow       |       |     6 |    41 |    33 |     5 ||    85
       Airstrike         |       |       |       |   264 |   280 ||   544
       Lightning Bolt    |       |       |       |    35 |    70 ||   105
Evoke: Wand              |       |       |       |     8 |    20 ||    28
  Use: Scroll            |       |     7 |    13 |     9 |     5 ||    34
       Potion            |       |       |       |       |     2 ||     2
Armor: Robe              |     8 |     7 |    47 |    62 |    86 ||   210
       Chain mail        |       |       |       |       |   112 ||   112
Dodge: Dodged            |    28 |    25 |    74 |    81 |   176 ||   384
Block: Other             |       |       |       |    18 |    81 ||    99
       Reflection        |       |       |       |       |     1 ||     1
